 Dungeon Sprint DCSS version 0.15.2 (webtiles) character file.

1220 MordorOrchid the Faith Healer (level 8, -2/57 HPs)
             Began as a Gargoyle Skald on July 5, 2020.
             Was a High Priest of Elyvilon.
             Slain by a yaktaur
             ... wielding the +7 dagger of Bile {vamp, +Fly rF+ MR++}
              (8 damage)
             ... in the Dungeon (Sprint V: "Ziggurat Sprint").
             The game lasted 00:06:36 (318 turns).

MordorOrchid the Faith Healer (Gargoyle Skald)       Turns: 318, Time: 00:06:36

HP  -2/57        AC 13     Str 28      XL: 8   Next: 47%
MP   2/23        EV  4     Int 15      God: Elyvilon [*****.]
Gold 0           SH 30     Dex  9      Spells:  4 memorised,  4 levels left

rFire  + . .     SeeInvis .     a - +8 lance "Wyrmbane" {slay drac, +Rage rPois rF+ AC+5}
rCold  . . .     Clarity  .     b - +0 leather armour
rNeg   + + .     rCorr    .     v - +18 shield of the gong {rElec rN+ MR+ EV-5}
rPois  +         rRot     +     (no helmet)
rElec  +         Spirit   .     (no cloak)
SustAb .         Warding  .     (no gloves)
rMut   .         NoTele   +     (no boots)
Gourm  .                        (no amulet)
MR     +....                    t - +6 ring of strength
                                s - +6 ring of strength

@: very slightly contaminated, studying Transmutations, repel missiles, somewhat
resistant to hostile enchantments, very unstealthy
A: negative energy resistance 1, electricity resistance, unbreathing,
petrification resistance, rot immunity, AC +5
a: Lesser Healing, Lesser Self-Healing, Divine Protection, Purification, Greater
Healing, Greater Self-Healing, Divine Vigour, Renounce Religion, Evoke Berserk
Rage


You were in the Dungeon.
You worshipped Elyvilon.
Elyvilon was extremely pleased with you.
You were not hungry.

You visited 1 branch

Inventory:

Hand weapons
 a - the +8 lance "Wyrmbane" (weapon) {slay drac, +Rage rPois rF+ AC+5}
   (You found it in the Dungeon)

   It affects your AC (+5).
   It protects you from fire.
   It protects you from poison.
   It lets you go berserk.
 w - the +7 Singing Sword
   (You found it in the Dungeon)
Missiles
 Q - 1000 arrows
Armour
 b - a +0 leather armour (worn)
 v - the +18 shield of the gong (worn) {rElec rN+ MR+ EV-5}
   (You found it in the Dungeon)

   It affects your evasion (-5).
   It insulates you from electricity.
   It protects you from negative energy.
   It affects your resistance to hostile enchantments.
 O - a +5 fire dragon armour
 P - a +5 gold dragon armour
 V - a +1 helmet of see invisible
Magical devices
 k - a wand of fire (5)
 l - a wand of cold (5)
 m - a wand of draining (5)
 n - a wand of disintegration (7)
Comestibles
 d - 5 bread rations
 z - 42 fruits
 A - 4 meat rations
Scrolls
 j - 4 scrolls of blinking
 y - 4 scrolls of amnesia
 B - 3 scrolls of recharging
 C - 7 scrolls of fog
 D - 2 scrolls of holy word
 E - 5 scrolls of identify
 F - 5 scrolls of remove curse
 G - 2 scrolls of fear
Jewellery
 q - a +6 ring of intelligence
 r - a +6 ring of intelligence
 s - a +6 ring of strength (left hand)
 t - a +6 ring of strength (right hand)
 R - the amulet of Coronation {Stasis rPois Int+2}
   (You found it in the Dungeon)

   [amulet of stasis]

   It prevents you from being teleported, slowed, hasted or paralysed.
   It affects your intelligence (+2).
   It protects you from poison.
Potions
 e - 10 potions of curing
 f - 10 potions of heal wounds
 g - 4 potions of haste
 h - 6 potions of magic
 i - 3 potions of berserk rage
 H - 2 potions of brilliance
 I - a potion of invisibility
 J - 2 potions of restore abilities
 K - 4 potions of resistance
 M - 3 potions of agility
 N - 3 potions of might
Books
 c - a book of Battle

   Spells                             Type                      Level
   *Infusion                          Charms                       1
   *Shroud of Golubria                Charms/Translocation         2
   *Song of Slaying                   Charms                       2
   Spectral Weapon                    Hexes/Charms                 3
   Regeneration                       Charms/Necromancy            3
 o - a tome of Destruction
 p - a tome of Destruction
 L - a manual of Transmutations
Magical staves
 x - an uncursed staff of energy
 S - an uncursed staff of wizardry
Miscellaneous
 u - a disc of storms
 T - a plain deck of destruction


   Skills:
 - Level 10.2 Fighting
 * Level 4.9 Polearms
 * Level 5.7 Armour
 - Level 0.7 Dodging
 - Level 9.1 Shields
 - Level 2.0 Spellcasting
 - Level 2.6 Charms
 * Level 12.3 Invocations


You had 4 spell levels left.
You knew the following spells:

 Your Spells              Type           Power        Failure   Level  Hunger
a - Infusion              Chrm           #.....       14%         1    #......
b - Song of Slaying       Chrm           #.......     21%         2    ###....
c - Repel Missiles        Chrm/Air       #.....       34%         2    ###....
y - Shroud of Golubria    Chrm/Tloc      #.........   34%         2    ###....


Dungeon Overview and Level Annotations

Branches:
Dungeon (1/1)

Altars:
Ashenzari
Cheibriados
Dithmenos
Elyvilon
Fedhas
Kikubaaqudgha
Makhleb
Nemelex Xobeh
Okawaru
Qazlal
Sif Muna
Trog
Vehumet
Xom
Yredelemnul
Zin
The Shining One
Beogh
Jiyva
Lugonu


Innate Abilities, Weirdness & Mutations

You are resistant to torment.
You are immune to poison.
Your stone body is very resilient (AC +5).
You resist negative energy.
You are resistant to electric shocks.
You can survive without breathing.
You are immune to petrification.
You are immune to rotting.


Message History

You block the yaktaur captain's attack.
GONNNNG!
Unknown command.
You puncture the yaktaur!
The yaktaur is moderately wounded.
You feel a little less mighty now. You block the yaktaur's attack.
SHROANNG!
The yaktaur captain hits you!
Unknown command.
Eat a chunk of ball python flesh? (ye/n/q/i?) This raw flesh tastes terrible.
You block the yaktaur's attack.
BOUMMMMG!
The cyclops hits you!!
* * * LOW HITPOINT WARNING * * *
You block the yaktaur captain's attack.
PANG!
You continue eating.
The yaktaur hits you with the +7 dagger of Bile {vamp, +Fly rF+ MR++}!
You die...

8©8
▓C.[}}..▓
▓...:"..▓
▓.......▓
▓.......▓
▓.......▓
▓..((...▓
▓..)cC..▓
▓..c@...▓
▓▓▓▓▓▓▓▓▓


You could see a yaktaur captain, a cyclops, a yaktaur and a neutral cyclops
(wandering).

Vanquished Creatures
  A yaktaur (D)
  2 phantoms (D)
  2 eyes of draining (D)
  An orc priest (D)
  A jelly (D)
  An orc (D)
  A ball python (D)
9 creatures vanquished.

Vanquished Creatures (others)
  A ball python (D)
1 creature vanquished.

Grand Total: 10 creatures vanquished

Notes
Turn   | Place    | Note
--------------------------------------------------------------
     0 | D        | MordorOrchid, the Gargoyle Skald, began the quest for the Orb.
     0 | D        | Reached XP level 1. HP: 12/12 MP: 3/3
     1 | D        | Found a roughly hewn altar of Beogh.
     1 | D        | Found a corrupted altar of Lugonu.
     2 | D        | Found a white marble altar of Elyvilon.
     3 | D        | Found a sparkling altar of Nemelex Xobeh.
     3 | D        | Found a burning altar of Makhleb.
     3 | D        | Found a deep blue altar of Sif Muna.
     4 | D        | Found a bloodstained altar of Trog.
     8 | D        | Found an iron altar of Okawaru.
    18 | D        | Found a radiant altar of Vehumet.
    30 | D        | Found an ancient bone altar of Kikubaaqudgha.
    31 | D        | Found a basalt altar of Yredelemnul.
    41 | D        | Found a shimmering altar of Xom.
    57 | D        | Became a worshipper of Elyvilon the Healer
    64 | D        | Reached skill level 8 in Invocations
    64 | D        | Reached XP level 2. HP: 17/17 MP: 4/6
    69 | D        | Entered arena 1.
    69 | D        | Noticed a phantom
    69 | D        | Noticed a phantom
    77 | D        | Killed a phantom
    77 | D        | Reached skill level 5 in Shields
    77 | D        | Reached XP level 3. HP: 20/27 MP: 6/8
    77 | D        | Reached XP level 4. HP: 23/32 MP: 7/10
    85 | D        | Killed a phantom
    85 | D        | Reached XP level 5. HP: 25/39 MP: 9/13
    93 | D        | Entered arena 2.
    93 | D        | Noticed an eye of draining
    93 | D        | Noticed a jelly
    93 | D        | Noticed an eye of draining
    96 | D        | Killed a jelly
   100 | D        | Killed an eye of draining
   100 | D        | Reached XP level 6. HP: 29/45 MP: 1/15
   104 | D        | Killed an eye of draining
   104 | D        | Reached skill level 9 in Fighting
   108 | D        | Entered arena 3.
   108 | D        | Noticed a giant frog
   108 | D        | Noticed a giant frog
   108 | D        | Noticed an iguana
   110 | D        | Pacified an iguana
   114 | D        | Pacified a giant frog
   116 | D        | Pacified a giant frog
   116 | D        | Reached skill level 10 in Fighting
   116 | D        | Acquired Elyvilon's first power
   116 | D        | Acquired Elyvilon's second power
   120 | D        | Acquired Elyvilon's third power
   135 | D        | Got the amulet of Coronation {Stasis rPois Int+2}
   222 | D        | Learned a level 2 spell: Shroud of Golubria
   225 | D        | Learned a level 2 spell: Song of Slaying
   229 | D        | Entered arena 4.
   229 | D        | Noticed an orc priest
   229 | D        | Noticed an orc priest
   229 | D        | Noticed an orc priest
   231 | D        | Pacified an orc priest
   237 | D        | Pacified an orc priest
   239 | D        | Killed an orc priest
   239 | D        | Reached XP level 7. HP: 39/52 MP: 7/17
   249 | D        | Identified Iskenderun's Compendium of Confrontation (You found it in the Dungeon)
   251 | D        | Entered arena 5.
   251 | D        | Noticed a naga
   251 | D        | Noticed a water moccasin
   254 | D        | Pacified a naga
   255 | D        | Pacified a water moccasin
   282 | D        | Identified the Guide on Air (You found it in the Dungeon)
   285 | D        | Learned a level 2 spell: Repel Missiles
   287 | D        | Entered arena 6.
   287 | D        | Noticed a yaktaur captain
   287 | D        | Noticed a cyclops
   287 | D        | Noticed a yaktaur
   287 | D        | Noticed a yaktaur
   287 | D        | Noticed a yaktaur
   287 | D        | Noticed a cyclops
   291 | D        | Pacified a yaktaur
   291 | D        | Reached skill level 10 in Invocations
   291 | D        | Acquired Elyvilon's fourth power
   292 | D        | Identified the +7 dagger of Bile {vamp, +Fly rF+ MR++}
   299 | D        | Pacified a cyclops
   299 | D        | Reached skill level 5 in Armour
   299 | D        | Reached skill level 11 in Invocations
   299 | D        | Reached XP level 8. HP: 57/57 MP: 7/21
   315 | D        | Killed a yaktaur
   315 | D        | Reached skill level 12 in Invocations
   318 | D        | Slain by a yaktaur

Action                   |  1- 3 |  4- 6 |  7- 9 || total
-------------------------+-------+-------+-------++-------
Melee: Lance             |     7 |    19 |     9 ||    35
 Cast: Repel Missiles    |       |       |     1 ||     1
Invok: Lesser Healing    |       |    13 |     4 ||    17
       Greater Healing   |       |       |    12 ||    12
       Greater Self-Heal |       |       |     1 ||     1
Evoke: Staff of energy   |       |     3 |       ||     3
  Use: Potion            |     5 |     3 |     1 ||     9
 Stab: Sleeping          |     2 |       |       ||     2
       Invisible         |     1 |     1 |       ||     2
  Eat: Chunk             |       |       |     6 ||     6
